 Dungeon Crawl Stone Soup version 0.26-a0-597-gb535b0901c (webtiles) character file.

Game seed: 3233730084866336281

926 HoaS the Twirler (level 8, 0/58 HPs)
             Began as a Formicid Fighter on Aug 26, 2020.
             Was a Follower of Makhleb.
             Slain by a water moccasin (6 damage)
             ... on level 6 of the Dungeon.
             The game lasted 00:10:30 (4720 turns).

HoaS the Twirler (Formicid Fighter)                 Turns: 4720, Time: 00:10:31

Health: 0/58       AC:  8    Str: 23    XL:     8   Next: 32%
Magic:  8/8        EV:  9    Int:  8    God:    Makhleb [*.....]
Gold:   311        SH: 12    Dex: 10    Spells: 7/7 levels left

rFire    . . .     SeeInvis +   a - +1 quarterstaff
rCold    . . .     Faith    .   c - +1 kite shield
rNeg     . . .     Spirit   .   r - +0 scale mail (curse)
rPois    .         Reflect  .   (helmet unavailable)
rElec    .         Harm     .   o - scarf {repulsion}
rCorr    .                      (no gloves)
MR       .....                  h - +0 pair of boots
Stlth    ..........             (no amulet)
HPRegen  0.19/turn              (no ring)
MPRegen  0.11/turn              (no ring)

@: mighty, lethally poisoned (0 -> -12), repel missiles
A: permanent stasis, dig shafts and tunnels, four strong arms, antennae 3
a: Dig, Shaft Self, Renounce Religion


You were on level 6 of the Dungeon.
You worshipped Makhleb.
Makhleb was aware of your devotion.
You visited 2 branches of the dungeon, and saw 7 of its levels.

You collected 311 gold pieces.

Inventory:

Hand Weapons
 a - a +1 quarterstaff (weapon)
Armour
 c - a +1 kite shield (worn)
 h - a +0 pair of boots (worn)
 i - the cursed +0 leather armour of Grace {Dex+5, unknown}
   (You found it on level 5 of the Dungeon)

   It affects your dexterity (+5).
   It has a curse placed upon it.
 o - a scarf of repulsion (worn)
 r - a cursed +0 scale mail (worn)
Wands
 p - a wand of paralysis (10)
Scrolls
 b - a scroll of remove curse
 g - a scroll of enchant armour
 n - 2 scrolls of fear
Potions
 e - 4 potions of heal wounds {unknown}
 j - 2 potions of curing {unknown}
 k - a potion of cancellation {unknown}
 l - a potion of berserk rage {unknown}
 m - 2 potions of haste {unknown}
 q - a potion of magic {unknown}


   Skills:
 - Level 3.2 Fighting
 * Level 7.6 Staves
 - Level 3.2 Armour
 + Level 7.2 Shields


You had 7 spell levels left.
You didn't know any spells.
Your spell library contained the following spells:

 Spells                   Type           Power        Failure   Level
 Corona                   Hex            #......      85%         1
 Ensorcelled Hibernation  Hex/Ice        #.....       94%         2
 Confusing Touch          Hex            #.......     99%         3
 Dazzling Flash           Conj/Hex       #.....       99%         3
 Tukima's Dance           Hex            #.......     99%         3


Dungeon Overview and Level Annotations

Branches:
Dungeon (6/15)             Temple (1/1) D:4

Altars:
Ashenzari
Cheibriados
Dithmenos
Elyvilon
Fedhas
Gozag
Hepliaklqana
Kikubaaqudgha
Makhleb
Qazlal
Ru
Sif Muna
Trog
Uskayaw
Vehumet
Xom
Yredelemnul
Zin
The Shining One

Shops:
D:4 [   D:5 [


Innate Abilities, Weirdness & Mutations

You cannot be hasted, slowed, berserked, paralysed or teleported.
You can dig through walls and to a lower floor.
Your four strong arms can wield two-handed weapons with a shield.
You have a pair of large antennae on your head. (SInv)


Message History

You are too injured to fight recklessly!
You are too injured to fight recklessly!
You feel sick. You block the water moccasin's attack.
You feel sick.
You feel sick. You block the water moccasin's attack.
The orc wizard miscasts a cantrip.
You feel sick. You block the water moccasin's attack.
Items here: ))) [[[ ††.
* * * LOW HITPOINT WARNING * * *
You feel sick.
You feel very mighty all of a sudden.
* * * LOW HITPOINT WARNING * * *
You feel sick. The water moccasin bites you.
* * * LOW HITPOINT WARNING * * *
You sock the water moccasin!
The water moccasin is heavily wounded.
* * * LOW HITPOINT WARNING * * *
You feel sick. You block the water moccasin's attack.
The water moccasin bites you.
You die...

#.....###......#
#..###.#.##...########
#..# ##.###.#.#.......
#..# ### #.#.#.......
...# #.#.#.......
#...# #.#.#.....?#
..... #.###....≈≈.
..... #.###o...≈.[
#@#.'...#
#####S#.#....≈..
#....o..#....≈≈.
#.#######......#
....... .......
....... #######


You could see a water moccasin and an orc wizard.

Vanquished Creatures
  A phantom (D:4)
  An ogre (D:6)
  2 centaurs (D:5)
  A bullfrog (D:6)
  4 hounds
  Crazy Yiuf (D:2)
  Jessica (D:2)
  2 orc wizards (D:6)
  An iguana (D:4)
  2 worker ants (D:5)
  A hound skeleton (D:6)
  3 gnolls (D:5)
  6 adders
  3 shadow imps (D:6)
  2 ufetubi (D:5)
  An ooze (D:3)
  An adder zombie (D:6)
  3 worms
  4 dart slugs
  3 leopard geckos
  6 orcs
  4 giant cockroaches
  3 goblins
  4 hobgoblins
  2 jackals (D:4)
  9 kobolds
  A quokka (D:3)
  9 bats
  4 frilled lizards
  9 rats
94 creatures vanquished.

Vanquished Creatures (others)
  A fungus (D:2)
  17 plants (D:1)
18 creatures vanquished.

Grand Total: 112 creatures vanquished

Notes
Turn   | Place    | Note
-------+----------+-------------------------------------------
     0 | D:1      | HoaS the Formicid Fighter began the quest for the Orb.
     0 | D:1      | Reached XP level 1. HP: 18/18 MP: 1/1
   113 | D:1      | Reached XP level 2. HP: 24/24 MP: 2/2
   361 | D:1      | Reached XP level 3. HP: 27/29 MP: 3/3
  1059 | D:2      | Noticed Jessica
  1306 | D:2      | Killed Jessica
  1306 | D:2      | Reached XP level 4. HP: 35/35 MP: 4/4
  1397 | D:2      | Found a stormy altar of Qazlal.
  1589 | D:2      | Found a white marble altar of Elyvilon.
  1589 | D:2      | Found an ancient bone altar of Kikubaaqudgha.
  1594 | D:2      | Found a shimmering blue altar of Sif Muna.
  1703 | D:2      | Found a sacrificial altar of Ru.
  1704 | D:2      | Found a burning altar of Makhleb.
  1776 | D:2      | Found a runed translucent door.
  1777 | D:2      | Noticed Crazy Yiuf
  1835 | D:2      | Became a worshipper of Makhleb the Destroyer
  1896 | D:2      | Killed Crazy Yiuf
  1896 | D:2      | Reached XP level 5. HP: 41/41 MP: 5/5
  2229 | D:3      | You fall into a shaft and drop 1 floor!
  2252 | D:4      | Reached skill level 5 in Shields
  2272 | D:4      | Found Uxzai's Antique Armour Boutique.
  2598 | D:3      | Reached XP level 6. HP: 44/47 MP: 6/6
  2714 | D:3      | Found a glowing silver altar of Zin.
  2775 | D:4      | Reached skill level 5 in Staves
  2822 | D:4      | Noticed a phantom
  2858 | D:4      | Killed a phantom
  2858 | D:4      | Reached * piety under Makhleb
  3270 | D:4      | Found a staircase to the Ecumenical Temple.
  3404 | D:4      | Reached XP level 7. HP: 51/52 MP: 7/7
  3415 | Temple   | Entered the Ecumenical Temple
  3659 | D:5      | Entered Level 5 of the Dungeon
  3661 | D:5      | Got a distressingly furry leather armour
  3832 | D:5      | Found a shimmering altar of Xom.
  4082 | D:5      | Found Bann's Armour Shop.
  4182 | D:5      | Found an opulent altar of Gozag.
  4394 | D:6      | Found a shadowy altar of Dithmenos.
  4406 | D:6      | Reached XP level 8. HP: 49/58 MP: 8/8
  4720 | D:6      | Slain by a water moccasin

Illustrated notes

Levels and vault maps discovered:
D:1:      minmay_arrival_five_plusses, layout_basic, serial_bayou_lake_a
D:2:      layout_rooms, chequers_temple_overflow_minitemple,
          nicolae_qazlal_eye_of_the_storm, uniq_jessica, uniq_crazy_yiuf_cottage
D:3:      layout_loops_corners, zin_scriptorium, chequers_serial_rivers_small_a
D:4:      layout_gridville, temple_green, serial_shops, shop
D:5:      layout_cave_pools, xom_redecorated, serial_shops,
          nicolae_shop_crystal, basic_altar
D:6:      layout_loops_ring, okawaru_trees_1, marbit_many_paths,
          nicolae_overflow_crystal_walls, serial_shops, nicolae_shop_trees,
          kennysheep_generic_room_2
Temple:   jpeg_temple_island

Skill      XL: |  1  2  3  4  5  6  7  8 |
---------------+-------------------------+-----
Shields        | 4 5 6 7 |  7.2
Staves         | 3 4 5 7 |  7.6
Fighting       | |  3.2
Armour         | |  3.2

Action                   |  1- 3 |  4- 6 |  7- 9 || total
-------------------------+-------+-------+-------++-------
Melee: Quarterstaff      |   117 |   166 |   126 ||   409
 Abil: Dig               |       |     2 |     2 ||     4
  Use: Scroll            |     3 |     7 |       ||    10
       Potion            |       |       |     1 ||     1
Armor: Scale mail        |    14 |       |     8 ||    22
       Ring mail         |    30 |    61 |    29 ||   120
Dodge: Dodged            |    30 |    35 |    50 ||   115
Block: Kite shield       |    51 |    84 |    80 ||   215

Table legend: (Time is in decaauts)
 A = Elapsed time spent in this place.
 B = Non-inter-level travel time spent in this place.
 C = Inter-level travel time spent in this place.
 D = Time resting spent in this place.
 E = Time spent auto-exploring this place.
 F = Levels seen in this place.
 G = Mean time per level.
                   A        B        C        D        E       F      G
               +--------+--------+--------+--------+--------+-----+--------+
         Total |   4907 |   4603 |    304 |    518 |   3016 |   7 |  701.0 |
       Dungeon |   4655 |   4351 |    304 |    518 |   2791 |   6 |  775.8 |
        Temple |    252 |    252 |      0 |      0 |    225 |   1 |  252.0 |
               +--------+--------+--------+--------+--------+-----+--------+

Top non-repeatable levels by time:
     D:1: 1357 daAuts
     D:3: 770 daAuts
     D:4: 768 daAuts
     D:5: 736 daAuts
     D:2: 697 daAuts
     D:6: 324 daAuts
  Temple: 252 daAuts
